 Dungeon Crawl Stone Soup version 0.31.0-2-g5a2aebc5c2 (webtiles) character file.

Game seed: 13330751057323756789

231865 oldriver the Devastator (level 18, -1/151 HPs)
             Began as a Demonspawn Earth Elementalist on Jan 20, 2024.
             Was an Initiate of Gozag.
             Slain by a vault warden
             ... wielding a +4 long sword of holy wrath
              (49 damage)
             ... on level 1 of the Vaults.
             The game lasted 01:54:53 (50849 turns).

oldriver the Devastator (DsEE)                     Turns: 50849, Time: 01:55:23

Health: -1/151     AC: 21    Str: 13    XL:     18   Next: 37%
Magic:  0/37       EV: 15    Int: 29    God:    Gozag
Gold:   3109       SH:  9    Dex: 10    Spells: 19/47 levels left

rFire   + + .        D - staff of earth
rCold   . . .        Y - +0 buckler of an ossuary {Str+4 Slay+5 Stlth+}
rNeg    + + .        F - +3 robe "Iheab" {rPois rF+ Will+}
rPois   +            (helmet restricted)
rElec   +            r - +2 cloak
rCorr   +            P - +0 pair of gloves
SInv    .            B - +2 pair of boots
Will    ++...        K - amulet of magic regeneration
Stlth   ++++         X - ring "Rutaz" {Fly rPois rF+ rN++ Dex-4}
HPRegen 0.45/turn    a - ring "Farr" {rElec Int+6}
MPRegen 0.90/turn

%: guardian spirit
@: flying, studying Shields
A: horns 2, yellow scales 3, icemail 1, magic shield, magic regeneration,
condensation shield
}: 2/15 runes: decaying, serpentine
a: Renounce Religion, Potion Petition, Call Merchant, Bribe Branch


You were on level 1 of the Vaults.
You worshipped Gozag.
Gozag was most pleased with you.
You visited 7 branches of the dungeon, and saw 31 of its levels.
You also visited: Sewer.

You collected 12366 gold pieces.
You spent 3821 gold pieces at shops.
You paid 5436 gold pieces to Gozag.

Inventory:

Hand Weapons
 w - a +2 dagger of flaming
Missiles
 s - 14 curare-tipped darts
 t - 37 poisoned darts
Armour
 r - a +2 cloak (worn)
 B - a +2 pair of boots (worn)
 F - the +3 robe "Iheab" (worn) {rPois rF+ Will+}
   (You took it off a naga mage on level 4 of the Snake Pit)

   rF+:       It protects you from fire.
   rPois:     It protects you from poison Will+: It increases your willpower.
 P - a +0 pair of gloves (worn)
 U - a +2 robe of resistance
 Y - the +0 buckler of an ossuary (worn) {Str+4 Slay+5 Stlth+}
   (You found it on level 1 of the Swamp)

   Str+4:     It affects your strength (+4).
   Slay+5:    It affects your accuracy & damage with ranged weapons and melee
   (+5).
   Stlth+:    It makes you more stealthy.
Magical Staves
 D - a staff of earth (weapon)
Jewellery
 a - the ring "Farr" (right hand) {rElec Int+6}
   (You bought it in a shop on level 5 of the Dungeon)

   [ring of intelligence]

   Int+6:     It affects your intelligence (+6).
   rElec:     It insulates you from electricity.
 c - a ring of protection from cold
 j - a ring of positive energy
 J - a ring of wizardry
 K - an amulet of magic regeneration (around neck)
 X - the ring "Rutaz" (left hand) {Fly rPois rF+ rN++ Dex-4}
   (You took it off a naga warrior on level 2 of the Snake Pit)

   [ring of poison resistance]

   Dex-4:     It affects your dexterity (-4).
   rF+:       It protects you from fire.
   rPois:     It protects you from poison rN++: It greatly protects you from
   negative energy.
   Fly:       It grants you flight.
Wands
 f - a wand of paralysis (26)
 l - a wand of roots (32)
 x - a wand of flame (72)
 M - a wand of polymorph (6)
 V - a wand of mindburst (4)
 Z - a wand of light (7)
Scrolls
 e - 2 scrolls of teleportation
 i - 3 scrolls of blinking
 n - 3 scrolls of silence
 o - a scroll of torment
 p - 3 scrolls of vulnerability
 v - a scroll of immolation
 y - 2 scrolls of identify
 L - a scroll of acquirement {unknown}
 N - 5 scrolls of fear
 O - 3 scrolls of amnesia
 R - 3 scrolls of poison
 T - a scroll of revelation
 W - 4 scrolls of enchant weapon
Potions
 b - 3 potions of magic
 d - 8 potions of might
 g - 3 potions of enlightenment
 h - a potion of invisibility
 k - a potion of berserk rage
 m - 8 potions of mutation
 q - 5 potions of haste
 u - 5 potions of lignification
 z - 3 potions of resistance
 A - 5 potions of heal wounds
 C - 6 potions of attraction
 E - 3 potions of brilliance
 G - 8 potions of curing
 H - 2 potions of cancellation
 I - a potion of ambrosia
Miscellaneous
 Q - a tin of tremorstones (2/2)
 S - a sack of spiders


   Skills:
 + Level 16.3 Fighting
 + Level 6.5 Armour
 + Level 11.2 Dodging
 - Level 7.0 Stealth
 - Level 6.0 Shields
 + Level 15.1 Spellcasting
 + Level 17.8 Conjurations
 - Level 9.0 Earth Magic


You had 19 spell levels left.
You knew the following spells:

 Your Spells              Type           Power      Damage    Failure   Level
a - Sandblast             Erth           100%       2d20      1%          1
b - Brom's Barrelling Bo  Conj/Erth      99%        2d11      1%          4
c - Stone Arrow           Conj/Erth      100%       3d13      1%          3
l - Lee's Rapid Deconstr  Erth           42%        3d20*     1%          5
o - Orb of Destruction    Conj           45%        9d12      1%          7
w - Passwall              Erth           84%        N/A       1%          3
z - Iskenderun's Battles  Conj           90%        2d14      1%          5

Your spell library contained the following spells:

 Spells                   Type           Power      Damage    Failure   Level
 Magic Dart               Conj           100%       1d8       0%          1
 Dazzling Flash           Conj/Hex       100%       N/A       1%          3
 Arcjolt                  Conj/Air       32%        1d42      1%          5
 Fireball                 Conj/Fire      32%        3d14      1%          5
 Slow                     Hex            84%        N/A       3%          1
 Blink                    Tloc           42%        N/A       4%          2
 Call Imp                 Summ           42%        N/A       4%          2
 Animate Armour           Summ/Erth      100%       N/A       4%          4
 Petrify                  Alch/Erth      64%        N/A       4%          4
 Confusing Touch          Hex            21%        N/A       9%          3
 Fugue of the Fallen      Necr           21%        N/A       9%          3
 Ozocubu's Armour         Ice            21%        N/A       9%          3
 Sigil of Binding         Hex            21%        N/A       9%          3
 Vampiric Draining        Necr           21%        2d7       9%          3
 Volatile Blastmotes      Fire/Tloc      42%        2d13      9%          3
 Conjure Ball Lightning   Conj/Air       32%        3x3d10    12%         6
 Starburst                Conj/Fire      32%        6d10      12%         6
 Manifold Assault         Tloc           21%        N/A       28%         4
 Summon Blazeheart Golem  Fire/Summ      21%        N/A       28%         4
 Summon Lightning Spire   Summ/Air       21%        N/A       28%         4
 Vhi's Electric Charge    Tloc/Air       42%        N/A       28%         4
 Spellforged Servitor     Conj/Summ      32%        N/A       54%         7
 Metabolic Englaciation   Hex/Ice        10%        N/A       63%         5
 Summon Forest            Summ/Tloc      10%        N/A       63%         5
 Summon Mana Viper        Hex/Summ       21%        N/A       63%         5
 Eringya's Noxious Bog    Alch           10%        4d6       99%         6
 Plasma Beam              Fire/Air       10%        2x1d21    99%         6
 Sculpt Simulacrum        Ice/Alch       10%        N/A       99%         6
 Summon Cactus Giant      Summ           10%        N/A       99%         6
 Summon Hydra             Summ           10%        N/A       100%        7
 Maxwell's Capacitive Co  Air            10%        ∞         100%        8


Dungeon Overview and Level Annotations

Branches:
Dungeon (14/15)            Temple (1/1) D:6            Lair (5/5) D:8
  Swamp (4/4) Lair:2        Snake (4/4) Lair:3        Slime (0/5) Lair:4
    Orc (2/2) D:9             Elf (0/3) Orc:2        Vaults (1/5) D:13
  Sewer (visited)

Altars:
Ashenzari
Cheibriados
Dithmenos
Fedhas
Gozag
Hepliaklqana
Kikubaaqudgha
Makhleb
Nemelex Xobeh
Okawaru
Qazlal
Ru
Sif Muna
Trog
Uskayaw
Vehumet
Wu Jian
Xom
Yredelemnul

Shops:
D:5 =   D:8 :*   D:13 [   Orc:2 [=?:   Lair:3 [   Swamp:3 [   Snake:1 =:=(

Annotations:
D:5 3 runed translucent doors, Chadd's ghost, novice MiFi
Lair:4 exclusion: oklob plant


Innate Abilities, Weirdness & Mutations

You have a pair of horns on your head.
You are completely covered in yellow scales. (AC +4, rCorr)
A meltable icy envelope protects you from harm. (AC +4)
When hurt, damage is shared between your health and your magic reserves.
You regenerate magic rapidly.
A meltable shield of frost defends you. (SH +4)


Message History

Your battlesphere fires!
The barrage of energy hits the ironbound convoker!
The ironbound convoker is severely wounded.
A centaur warrior comes into view.
The vault warden hits you with a +4 long sword of holy wrath!!
You convulse!
Casting: Lee's Rapid Deconstruction (mildly dangerous; 1% risk of failure)
Confirm with . or Enter, or press ? or * to list all spells.
Aiming: Lee's Rapid Deconstruction (mildly dangerous; 1% risk of failure)
Press: ? - help, Dir - move target A sealed door, summoned.
You feel a surge of power!
The stone door frame shatters!
The blast of rock fragments hits the vault warden.
The vault warden is moderately wounded.
Your battlesphere fires!
The barrage of energy hits the ironbound convoker!
The ironbound convoker is almost dead.
The yaktaur wields a +0 arbalest.
The yaktaur shoots a bolt.
The bolt hits your battlesphere!! The vault warden misses you.
Casting: Lee's Rapid Deconstruction (mildly dangerous; 1% risk of failure)
Confirm with . or Enter, or press ? or * to list all spells.
Aiming: Lee's Rapid Deconstruction (mildly dangerous; 1% risk of failure)
Press: ? - help, Dir - move target A sealed door, summoned.
You feel a surge of power!
The stone door frame shatters!
The blast of rock fragments hits the vault warden!!
The vault warden is heavily wounded.
The great orb of eyes is recalled. x2; The ironbound convoker is recalled.
The vault sentinel is recalled.
Your battlesphere fires!
The barrage of energy hits the great orb of eyes!
The great orb of eyes is lightly wounded.
An ironbound convoker comes into view. It is wielding a +0 mace.
A great orb of eyes comes into view.
A vault sentinel comes into view.
It is wielding a +1 falchion of draining.
The vault sentinel blows a loud note on a signal horn!
The vault warden hits you with a +4 long sword of holy wrath!!
You convulse!!!
You die...
Your body crumbles into a pile of gold.

##### #...#
#...# #...#
#####.#*#####
#(...p......#
#...#cp.G.@.#
#...c..p#.p.#
###$#######+##
.
##.#$#..).....#
.+
+..'$#).......#
#.
##p#.#..#.###.#
##.#$####..#.#
.#
+..p..°['..###
##
##.#.####....#


You could see a vault warden, a great orb of eyes, a centaur warrior, a vault
sentinel (catching breath), 2 ironbound convokers, a yaktaur (strong) and a
friendly battlesphere.

Vanquished Creatures
  Nikola (Swamp:1)
  A fenstrider witch (Swamp:2)
  2 thorn hunters
  8 nagarajas
  An azure jelly (Swamp:4)
  Aizul (Snake:3)
  An ironbound thunderhulk (Vaults:1)
  2 eleionomae (Swamp:2)
  Nessos (Lair:3)
  6 bunyips
  2 shambling mangroves
  Josephine (Lair:3)
  A yaktaur captain (Vaults:1)
  6 ice dragons
  6 hydras
  A vault guard (D:13)
  Erolcha (D:10)
  A spriggan air mage (Swamp:1)
  2 ghost crabs
  14 anacondas
  10 alligators
  A catoblepas (Lair:2)
  18 naga warriors
  5 centaur warriors
  3 two-headed ogres
  2 boulder beetles
  3 death yaks (Lair:5)
  Erica (D:9)
  6 orc high priests (Orc:2)
  2 tengu warriors (D:14)
  2 spriggan berserkers (Swamp:1)
  8 shock serpents
  9 naga sharpshooters
  Nergalle (Lair:2)
  18 spriggans
  A skyshark (Lair:5)
  A death drake (Swamp:4)
  A sixfirhy (D:8)
  Amaemon (D:8)
  10 sea snakes
  3 spriggan druids (Swamp:1)
  6 goliath frogs
  15 mana vipers
  7 naga ritualists
  A bog body (Swamp:3)
  Pikel (D:6)
  4 swamp dragons
  10 orc knights
  A lindwurm (Lair:5)
  A deep elf pyromancer (D:12)
  7 ugly things
  A wolf spider (D:13)
  2 ironbound convokers (Vaults:1)
  An orc sorcerer (Orc:1)
  A manticore (D:13)
  12 salamanders
  2 cyclopes
  4 will-o-the-wisps
  30 elephants
  Joseph (Lair:1)
  An ice statue (Lair:5)
  4 kobold blastminers (Orc:1)
  42 black mambas
  8 guardian serpents
  A vault sentinel (Vaults:1)
  21 naga magi
  5 torpor snails (Lair:5)
  An orange demon (D:8)
  5 rime drakes
  A gargoyle (D:13)
  12 cane toads
  Jeremiah (D:7)
  2 efreet
  4 freezing wraiths (Swamp:4)
  An unseen horror (D:10)
  A yaktaur (D:13)
  10 komodo dragons
  13 tyrant leeches
  2 trolls
  3 bloated husks
  4 polar bears
  17 hornets
  7 blink frogs
  4 dream sheep (Lair:5)
  2 vampires
  11 slime creatures
  43 yaks
  2 shadows
  7 wraiths
  3 basilisks
  5 wyverns
  Grum (D:9)
  9 wargs
  4 steam dragons (Lair:5)
  3 swamp worm simulacra (Swamp:4)
  47 nagas
  16 vampire mosquitoes
  17 swamp worms
  4 acid dragons
  18 water moccasins
  25 orc warriors
  4 black bears
  15 hydra simulacra (Swamp:4)
  9 ice beasts
  A swamp drake (Swamp:1)
  21 wolves
  21 centaurs
  4 ogres
  4 lemures (D:6)
  6 kobold brigands
  9 bullfrogs
  2 necrophages (D:7)
  A wyvern zombie (D:7)
  3 scorpions
  14 wights
  3 killer bees (D:10)
  7 electric eels
  6 howler monkeys
  A centaur zombie (D:7)
  3 jellies (D:5)
  A hound (D:4)
  26 orc priests
  3 gnoll boudas
  A human zombie (D:7)
  7 iguanas
  25 orc wizards
  2 killer bee zombies (D:7)
  3 mummies (D:7)
  21 gnolls
  8 adders
  A shadow imp (D:5)
  4 white imps
  6 ufetubi
  5 swamp drake simulacra (Swamp:4)
  A ribbon worm (D:2)
  4 dart slugs
  99 orcs
  6 ball pythons
  7 endoplasms
  3 giant cockroaches
  9 goblins
  7 hobgoblins
  2 jackals (D:2)
  29 kobolds
  A quokka (D:2)
  7 bats
  5 frilled lizards
  10 rats
1096 creatures vanquished.

Vanquished Creatures (others)
  A swamp worm (Swamp:4)
  A boulder (D:9)
  2 foxfires (Swamp:4)
4 creatures vanquished.

Grand Total: 1100 creatures vanquished

Notes
Turn   | Place    | Note
-------+----------+-------------------------------------------
     0 | D:1      | oldriver the Demonspawn Earth Elementalist began the quest
                  | for the Orb.
     0 | D:1      | Reached XP level 1. HP: 13/13 MP: 3/3
   274 | D:1      | Gained mutation: You regenerate magic rapidly. [demonic
                  | ancestry]
   274 | D:1      | Reached XP level 2. HP: 20/20 MP: 1/5
   406 | D:1      | Reached skill level 1 in Fighting
   488 | D:1      | Found a faded altar of an unknown god.
   820 | D:2      | Reached XP level 3. HP: 26/26 MP: 2/6
   943 | D:2      | Reached skill level 2 in Conjurations
  1049 | D:2      | Reached XP level 4. HP: 31/33 MP: 3/8
  1394 | D:2      | Learned a level 3 spell: Passwall
  1398 | D:2      | Learned a level 3 spell: Stone Arrow
  1506 | D:3      | Reached XP level 5. HP: 38/38 MP: 5/9
  1535 | D:3      | Identified the +1 sling of the Walnut {heavy, SInv}
  1613 | D:3      | Found a glowing drain.
  1634 | Sewer    | Entered a sewer
  1925 | Sewer    | Reached skill level 3 in Conjurations
  2187 | Sewer    | Gained mutation: You are partially covered in yellow
                  | scales. (AC +2) [demonic ancestry]
  2187 | Sewer    | Reached XP level 6. HP: 32/46 MP: 9/11
  2988 | D:3      | Identified the amulet "Nuf Huat" {Faith rN+ Int-4 Dex+5}
  3146 | D:4      | Noticed an ice beast
  3154 | D:4      | Killed an ice beast
  3524 | D:3      | Gained mutation: You have a pair of small horns on your
                  | head. [demonic ancestry]
  3524 | D:3      | Reached XP level 7. HP: 47/52 MP: 8/12
  3955 | D:5      | Entered Level 5 of the Dungeon
  3998 | D:5      | Found the +6 shillelagh "Devastator" {shatter}
  4043 | D:5      | Reached skill level 5 in Earth Magic
  4698 | D:5      | Found a runed translucent gate.
  4698 | D:5      | Found a runed translucent gate.
  4698 | D:5      | Noticed a yak
  4699 | D:5      | Found a runed translucent gate.
  4701 | D:5      | Noticed Chadd's ghost (novice MiFi)
  4782 | D:5      | Found Zeuff's One-of-a-Kind Rings.
  4851 | D:5      | Reached skill level 4 in Conjurations
  4851 | D:5      | Gained mutation: You have a pair of horns on your head.
                  | [demonic ancestry]
  4851 | D:5      | Reached XP level 8. HP: 41/60 MP: 5/14
  5251 | D:5      | Found a snail-covered altar of Cheibriados.
  6142 | D:6      | Reached skill level 5 in Spellcasting
  6460 | D:6      | Reached skill level 5 in Fighting
  6631 | D:6      | Noticed Pikel
  6733 | D:6      | Killed Pikel
  6734 | D:6      | Gained mutation: When hurt, damage is shared between your
                  | health and your magic reserves. [demonic ancestry]
  6734 | D:6      | Reached XP level 9. HP: 68/68 MP: 4/17
  6783 | D:6      | Found a staircase to the Ecumenical Temple.
  6934 | Temple   | Entered the Ecumenical Temple
  7034 | D:7      | Reached skill level 5 in Conjurations
  7324 | D:7      | Found a shimmering blue altar of Sif Muna.
  7440 | D:7      | Reached skill level 1 in Shields
  7599 | D:7      | Noticed Jeremiah
  7665 | D:7      | Killed Jeremiah
  7823 | D:7      | Found a basalt altar of Yredelemnul.
  8432 | D:7      | Found an opulent altar of Gozag.
  8474 | D:7      | Became a worshipper of Gozag Ym Sagoz the Greedy
  8706 | D:6      | Learned a level 4 spell: Brom's Barrelling Boulder
  9048 | D:8      | Gained mutation: A meltable shield of frost defends you.
                  | (SH +4) [demonic ancestry]
  9048 | D:8      | Reached XP level 10. HP: 79/79 MP: 13/20
  9170 | D:8      | Found a staircase to the Lair.
  9216 | D:8      | Noticed Amaemon
  9216 | D:8      | Noticed an orange demon
  9290 | D:8      | Found Syigao's Book Shop.
 10048 | D:8      | Killed Amaemon
 10058 | D:8      | Killed an orange demon
 10255 | D:8      | Noticed a sixfirhy
 10257 | D:8      | Found a runed translucent door.
 10658 | D:9      | Noticed Erica
 10665 | D:9      | Killed Erica
 10907 | D:9      | Found a radiant altar of Vehumet.
 11338 | D:9      | Reached skill level 6 in Conjurations
 11394 | D:9      | Reached skill level 5 in Stealth
 11442 | D:9      | Found a staircase to the Orcish Mines.
 11772 | D:9      | Noticed Grum
 11808 | D:9      | Gained mutation: You are mostly covered in yellow scales.
                  | (AC +3) [demonic ancestry]
 11808 | D:9      | Reached XP level 11. HP: 86/86 MP: 18/22
 12028 | D:5      | Bought the ring of Greed {rPois rF+ rCorr} for 458 gold
                  | pieces
 12097 | Lair:1   | Entered Level 1 of the Lair of Beasts
 12102 | Lair:1   | Reached skill level 5 in Dodging
 12328 | Lair:1   | Noticed Joseph
 12334 | Lair:1   | Killed Joseph
 12506 | Lair:1   | Reached skill level 7 in Conjurations
 14091 | Lair:2   | Noticed a catoblepas
 14116 | Lair:2   | Killed a catoblepas
 14117 | Lair:2   | Reached skill level 10 in Fighting
 14304 | Lair:1   | Reached XP level 12. HP: 71/97 MP: 5/25
 15182 | Lair:2   | Noticed Nergalle
 15696 | Lair:1   | Reached skill level 10 in Spellcasting
 15696 | Lair:1   | Reached skill level 8 in Conjurations
 16014 | Lair:2   | Found a staircase to the Swamp.
 16110 | Lair:2   | Killed Nergalle
 16565 | D:5      | Bought the ring "Farr" {rElec Int+6} for 600 gold pieces
 17402 | Lair:3   | Noticed Nessos
 18270 | D:9      | Killed Grum
 18307 | D:10     | Entered Level 10 of the Dungeon
 18876 | D:10     | Noticed Erolcha
 18879 | D:10     | Killed Erolcha
 18880 | D:10     | Reached skill level 9 in Conjurations
 19065 | D:10     | Noticed a two-headed ogre
 19098 | D:10     | Noticed a two-headed ogre
 19236 | D:10     | Killed a two-headed ogre
 19237 | D:10     | Reached XP level 13. HP: 106/106 MP: 18/27
 21741 | Lair:3   | Reached skill level 10 in Conjurations
 22830 | D:9      | Learned a level 7 spell: Orb of Destruction
 23257 | Lair:3   | Killed Nessos
 23400 | Lair:3   | Noticed Josephine
 23410 | Lair:3   | Killed Josephine
 23566 | Lair:3   | Reached skill level 11 in Conjurations
 23638 | Lair:3   | Found a staircase to the Snake Pit.
 24297 | Lair:4   | Identified the beast talisman of Lodoec {Will+++ Str+3
                  | Int-3 SInv}
 24548 | Lair:4   | Found a staircase to the Slime Pits.
 24653 | Lair:5   | Entered Level 5 of the Lair of Beasts
 24752 | Lair:5   | Found the +8 Wrath of Trog {antimagic, *Rage Rampage}
 24960 | Orc:1    | Entered Level 1 of the Orcish Mines
 25132 | Orc:1    | Learned a level 5 spell: Iskenderun's Battlesphere
 26014 | Orc:1    | Reached skill level 12 in Conjurations
 26014 | Orc:1    | Gained mutation: A meltable icy envelope protects you from
                  | harm. (AC +4) [demonic ancestry]
 26014 | Orc:1    | Reached XP level 14. HP: 91/116 MP: 0/29
 26378 | Orc:2    | Entered Level 2 of the Orcish Mines
 26578 | Orc:2    | Found a shimmering altar of Xom.
 27363 | Orc:2    | Found Xawac's Jewellery Emporium.
 27363 | Orc:2    | Found Tuzadaps's Magic Scroll Shoppe.
 27456 | Orc:2    | Bought a scroll of teleportation for 51 gold pieces
 27456 | Orc:2    | Bought a scroll of blinking for 127 gold pieces
 27667 | Orc:2    | Found a staircase to the Elven Halls.
 28306 | Orc:2    | Found Zezikke's Antique Armour Emporium.
 28470 | Orc:2    | Bought a book of Iron for 544 gold pieces
 28478 | Orc:2    | Learned a level 5 spell: Lee's Rapid Deconstruction
 28718 | Lair:5   | Reached skill level 13 in Conjurations
 28733 | Lair:5   | Reached skill level 1 in Armour
 29662 | Lair:5   | Found a radiant altar of Vehumet.
 30477 | Lair:5   | Reached XP level 15. HP: 124/124 MP: 25/31
 30546 | Lair:5   | Reached skill level 14 in Conjurations
 32864 | D:13     | Identified the +5 short sword of Kindness {flame, ^Fragile
                  | rElec rN+++ Stlth-}
 33396 | D:13     | Found a gate to the Vaults.
 33650 | D:14     | Reached skill level 15 in Conjurations
 34076 | Snake:1  | Entered Level 1 of the Snake Pit
 34324 | Snake:1  | Found Zezuqy's Weapon Shoppe.
 34585 | Snake:1  | Found an ornate altar of the Wu Jian Council.
 34631 | Snake:1  | Found Vaurhets's Jewellery Emporium.
 34631 | Snake:1  | Found Cishev's Book Boutique.
 34632 | Snake:1  | Found Piubreh's Jewellery Emporium.
 35571 | Snake:2  | Identified the ring "Rutaz" {Fly rPois rF+ rN++ Dex-4}
 36167 | Snake:2  | Reached XP level 16. HP: 83/133 MP: 18/33
 37632 | D:13     | Bought a pair of runed boots for 300 gold pieces
 37826 | Swamp:1  | Entered Level 1 of the Swamp
 38549 | Swamp:1  | Reached skill level 16 in Conjurations
 38666 | Swamp:1  | Noticed Nikola
 38770 | Swamp:1  | Killed Nikola
 41146 | Swamp:1  | Identified the +0 buckler of an ossuary {Str+4 Slay+5
                  | Stlth+}
 41601 | Swamp:3  | Reached skill level 15 in Fighting
 41877 | Swamp:3  | Identified the blade talisman of Fortification {Str+3
                  | Int+2}
 41895 | Swamp:3  | Noticed a thorn hunter
 42018 | Swamp:3  | Killed a thorn hunter
 42052 | Swamp:3  | Reached XP level 17. HP: 142/142 MP: 28/35
 42273 | Swamp:3  | Bought a crude leather armour for 217 gold pieces
 42273 | Swamp:3  | Identified the +1 leather armour of Miashoisak {rC++} (You
                  | bought it in a shop on level 3 of the Swamp)
 42295 | Swamp:4  | Entered Level 4 of the Swamp
 43217 | Swamp:4  | Reached skill level 10 in Dodging
 43710 | Swamp:4  | Reached skill level 17 in Conjurations
 44595 | Swamp:4  | Got a decaying rune of Zot
 44796 | D:8      | Bought a manual of Shields for 880 gold pieces
 45483 | Snake:3  | Reached skill level 5 in Shields
 46149 | Snake:3  | Identified the serpent talisman of the Fife {rC+ Dex+2}
 46149 | Snake:3  | Noticed Aizul
 46155 | Snake:3  | Killed Aizul
 46490 | Snake:3  | Reached skill level 5 in Armour
 46887 | Snake:4  | Entered Level 4 of the Snake Pit
 47918 | Snake:4  | Identified the staff "Killer Bee's Foe" {rPois rN++ Int+2
                  | Dex-4 SInv Alchemy}
 48361 | Snake:4  | Gained mutation: You are completely covered in yellow
                  | scales. (AC +4, rCorr) [demonic ancestry]
 48361 | Snake:4  | Reached XP level 18. HP: 145/151 MP: 18/36
 48505 | Snake:4  | Identified the +3 robe "Iheab" {rPois rF+ Will+}
 48864 | Snake:4  | Found a blossoming altar of Fedhas.
 49558 | Snake:4  | Reached skill level 15 in Spellcasting
 50224 | Snake:4  | Got a serpentine rune of Zot
 50448 | D:8      | Bought a book of Dangerous Friends for 462 gold pieces
 50451 | D:8      | Bought a potion of brilliance for 56 gold pieces
 50451 | D:8      | Bought a potion of brilliance for 56 gold pieces
 50451 | D:8      | Bought a potion of heal wounds for 70 gold pieces
 50508 | D:8      | Identified the +6 sling of the Eternal Void {drain, rElec
                  | rF++}
 50703 | Vaults:1 | Entered Level 1 of the Vaults
 50752 | Vaults:1 | Identified the +1 leather armour of Dengorr {rN++ Regen+
                  | Int-3 Dex+3}
 50849 | Vaults:1 | Slain by a vault warden

Illustrated notes

Levels and vault maps discovered:
D:1:      lightli_arrival_maybe_door_vault, layout_loops_ring,
          ebering_ecumenical_altar_petrified
D:2:      layout_rooms, chequers_decorated_corner, minmay_split_cup_small
D:3:      layout_loops_ring, portal_sewer_entry_b, minmay_misc_feat_encased
D:4:      layout_rooms
D:5:      layout_basic, kennysheep_slug_shrine, gammafunk_ghost_split,
          nicolae_shop_unique_rings, grunt_decor_arrowhead,
          minmay_misc_feat_enclosed, dilly_guarded_unrand_devastator
D:6:      layout_rooms, minmay_temple_entry_nine_rooms, uniq_pikel
D:7:      layout_basic, lemuel_mausoleum_altar_yredelemnul,
          jmf_multi_god_temple2, mainiacjoe_overflow_six_doors_small,
          uniq_jeremiah
D:8:      cheibrodos_shockbox, layout_gridville, minmay_lair_entry_grove,
          serial_shops, shop, uniq_amaemon
D:9:      layout_cave_pods, mainiacjoe_overflow_24_doors,
          minmay_orc_entry_guard_dogs, uniq_erica, uniq_grum
D:10:     nicolae_whirlpool, layout_basic, nicolae_fountain_basement,
          uniq_erolcha
D:11:     layout_basic, lemuel_another_geyser
D:12:     layout_basic
D:13:     layout_roguey, david_vaults_5
D:14:     layout_long_grid, nrook_uturn
Temple:   nicolae_temple_bog_church
Lair:1:   layout_cave_pods, lightli_volcano_entry_magma_tube,
          serial_bayou_shore_b, uniq_joseph
Lair:2:   layout_misc_corridors, minmay_swamp_entry_swarm, serial_bayou_shore_b,
          uniq_nergalle
Lair:3:   layout_regular_city, alex1729_snake_entry_snake,
          chequers_serial_rivers_micro_a, infiniplex_staircase_pool_2,
          grunt_megastairs_3, uniq_nessos, uniq_josephine
Lair:4:   layout_cave_pods, minmay_slime_entry_oklob_open, serial_bayou_ford_a,
          chequers_serial_rivers_micro_d, nicolae_quartered_pool_impasse
Lair:5:   wormcave, layout_long_grid, guppyfry_lair_end_dragon, basic_altar,
          ice2_lemuel, serial_bayou_shore_b, lemuel_fruit_fields
Swamp:1:  nicolae_swamp_secret_spriggan_hideout, layout_basic_swamp,
          evilmike_swamp_ruin_rubble_2, uniq_nikola
Swamp:2:  layout_basic_swamp, evilmike_swamp_ruin_house_1,
          infiniplex_staircase_pool
Swamp:3:  layout_basic_swamp, evilmike_swamp_ruin_house_4
Swamp:4:  swamp_icy, layout_basic_swamp
Snake:1:  layout_onion_interference, basic_altar, serial_shops,
          nicolae_diamond_shop, minmay_shop_grove, grunt_megastairs_1
Snake:2:  layout_misc_corridors, serial_bayou_shore_b, nicolae_integral_box
Snake:3:  cheibrodos_forgotten_conduit, layout_basic, uniq_aizul
Snake:4:  grunt_snake_rune_pools, layout_layer_cave, basic_altar,
          grunt_ministairs_9
Orc:1:    nicolae_orc_accident_1, layout_caves
Orc:2:    st_orc_town, layout_diamond_mine, basic_altar
Vaults:1: gammafunk_ghost_ooze, v_misc_10, nicolae_vaults_doubleplus_tesselated,
          vaults_room_semicircle, nicolae_vaults_apartment_2,
          nicolae_vaults_more_shelving_1, hangedman_vaults_snaps, v_misc_1,
          nicolae_vaults_minivaults, vaults_room_hallway,
          nicolae_vaults_network_s, vaults_room_pools,
          vaults_room_stairs_pillars, grunt_vaults_hallway_long,
          layout_vaults_maze

Skill      XL: |  1  2  3  4  5  6  7  8  9 10 11 12 13 14 15 16 17 18 |
---------------+-------------------------------------------------------+-----
Fighting       | 1 2 3 4 5 7 8 10 11 12 13 14 15 16 | 16.3
Earth Magic    | 3 4 5 6 7 8 9 |  9.0
Conjurations   | 2 3 4 5 6 7 9 12 13 15 16 17 | 17.8
Spellcasting   | 3 4 5 6 7 9 10 11 12 13 14 15 | 15.1
Dodging        | 3 4 5 7 8 9 10 11 | 11.2
Shields        | 3 4 6 |  6.0
Stealth        | 3 5 7 |  7.0
Armour         | 2 3 4 5 6 |  6.5

Action                     |  1- 3 |  4- 6 |  7- 9 | 10-12 | 13-15 | 16-18 || total
---------------------------+-------+-------+-------+-------+-------+-------++-------
  Melee: Unarmed           |     3 |       |       |       |       |       ||     3
         Dagger            |     1 |     8 |       |       |       |       ||     9
         Staff             |       |       |     5 |    34 |    11 |     5 ||    55
         Headbutt          |       |       |       |     9 |     2 |     2 ||    13
  Throw: Dart              |       |     6 |     4 |       |       |       ||    10
   Cast: Sandblast         |    50 |   128 |    56 |    57 |    31 |     3 ||   325
         Stone Arrow       |       |     4 |   143 |   388 |   790 |   380 ||  1705
         Brom's Barrelling |       |       |       |     2 |       |       ||     2
         Iskenderun's Batt |       |       |       |       |   129 |   114 ||   243
         Lee's Rapid Decon |       |       |       |       |    52 |   177 ||   229
         Orb of Destructio |       |       |       |       |     2 |    91 ||    93
 Invoke: Call Merchant     |       |       |       |       |     3 |     2 ||     5
         Potion Petition   |       |       |       |       |     1 |     1 ||     2
  Evoke: Wand              |       |     2 |       |     6 |       |       ||     8
    Use: Scroll            |       |     5 |    11 |     7 |    10 |     7 ||    40
         Potion            |       |     1 |       |       |     3 |     1 ||     5
 Armour: Robe              |    14 |    79 |    48 |    42 |   266 |   207 ||   656
         Leather armour    |       |       |       |   142 |    49 |       ||   191
  Dodge: Dodged            |    17 |    43 |    35 |   133 |   194 |   127 ||   549
  Block: Buckler           |       |       |     6 |   109 |   160 |    90 ||   365
